 Dungeon Crawl Stone Soup version 0.27.0-1-g7a089689b8 (webtiles) character file.

Game seed: 14083650130048372507

220 SnakkuSnakku7 the Sneak (level 6, -1/33 HPs)
             Began as a Kobold Delver on Aug 4, 2021.
             Was a Believer of Hepliaklqana.
             Succumbed to a gnoll's poison
             ... on level 3 of the Dungeon.
             The game lasted 00:04:44 (4200 turns).

SnakkuSnakku7 the Sneak (Kobold Delver)             Turns: 4200, Time: 00:04:45

Health: -1/33      AC:  3    Str: 11    XL:     6   Next: 18%
Magic:  6/6        EV:  7    Int: 12    God:    Hepliaklqana [**....]
Gold:   104        SH:  0    Dex: 16    Spells: 5/5 levels left

rFire    . . .     SeeInvis .   a - +4 mace
rCold    . . .     Faith    .   (shield restricted)
rNeg     . . .     Spirit   .   b - +0 leather armour
rPois    .         Reflect  .   (no helmet)
rElec    .         Harm     .   (no cloak)
rCorr    .         Rampage  .   (no gloves)
Will     .....                  (no boots)
Stlth    ++++......             (no amulet)
HPRegen  0.11/turn              q - ring of wizardry
MPRegen  0.10/turn              (no ring)

@: lethally poisoned (-1 -> -18), held
A: reduced essence, small, no large weapons, nightstalker 3
a: Renounce Religion, Recall Ancestor, Ancestor Identity


You were on level 3 of the Dungeon.
You worshipped Hepliaklqana.
Hepliaklqana was pleased with you.
You visited 2 branches of the dungeon, and saw 7 of its levels.

You collected 104 gold pieces.

Inventory:

Hand Weapons
 a - a +4 mace (weapon)
 i - a +0 mace
 k - a +0 quarterstaff
Missiles
 p - 33 bolts
Armour
 b - a +0 leather armour (worn)
Jewellery
 q - a ring of wizardry (left hand)
 t - an amulet of magic regeneration
Wands
 g - a wand of digging (3)
Scrolls
 c - a scroll of fog
 d - a scroll of magic mapping
 e - 2 scrolls of fear
 l - 2 scrolls of teleportation {unknown}
 m - 2 scrolls of noise {unknown}
 n - a scroll of amnesia {unknown}
 s - a scroll of brand weapon
Potions
 f - 3 potions of haste
 h - a potion of flight
 o - a potion of mutation
 r - a potion of invisibility


   Skills:
 - Level 3.2 Fighting
 + Level 5.0(5.2) Maces & Flails
 - Level 1.7(3.6) Staves
 - Level 2.4 Dodging
 - Level 6.6 Stealth


You had 5 spell levels left.
You didn't know any spells.
Your spell library was empty.

Dungeon Overview and Level Annotations

Branches:
Dungeon (6/15)             Temple (1/1) D:5

Altars:
Ashenzari
Cheibriados
Elyvilon
Gozag
Hepliaklqana
Kikubaaqudgha
Makhleb
Nemelex Xobeh
Okawaru
Qazlal
Uskayaw
Wu Jian
Xom
Yredelemnul
Zin
The Shining One


Innate Abilities, Weirdness & Mutations

Your life essence is reduced to manifest your ancestor. (-10% HP)
You are small and have problems with some larger weapons.
You are completely attuned to the shadows.


Message History

There is a stone staircase leading up here.
You swap places.
An adder comes into view.
An adder is nearby!
The adder hisses angrily.
The gnoll shouts!
A gnoll comes into view. It is wielding a +0 whip.
You hear a shout!
You miss the adder.
You hear a shout!
The adder misses you.
Politank-Z hits the adder with a +0 flail!
You hit the adder.
You kill the adder!
Politank-Z hits the gnoll with a +0 flail.
You hit the gnoll but do no damage.
The gnoll is lightly wounded.
The gnoll hits you with a +0 flail of venom.
You are poisoned.
Politank-Z barely misses the gnoll.
You closely miss the gnoll.
The gnoll is lightly wounded.
You feel very sick.
The gnoll hits you with a +0 flail of venom!
You are lethally poisoned!
Politank-Z hits the gnoll with a +0 flail.
The gnoll hits you with a +0 whip. The gnoll misses you.
* * * LOW HITPOINT WARNING * * *
You feel very sick.
Politank-Z hits the gnoll with a +0 flail!
The gnoll dies!
The gnoll throws a throwing net.
The throwing net hits you.
You become entangled in the net!
Your Maces & Flails skill increases to level 5!
You see here a throwing net.
You tear a large gash into the net.
* * * LOW HITPOINT WARNING * * *
You feel very sick.
Politank-Z hits the gnoll with a +0 flail!
You struggle against the net.
You die...

####### #<#...#
####@#.#.# #
...Rg#.#.# #
.##.)..#.# #
#.####.############
.. #>...........'
#.. #.#.##########
#.#.# # #.#.# #
#.#.# #


You could see the friendly Politank-Z the knight and a gnoll (ally target).

Vanquished Creatures
  A bullfrog zombie (D:4)
  Natasha (thrice) (D:2)
  3 adders
  3 adder skeletons (D:4)
  3 orcs
  2 bats (D:2)
  3 endoplasms
  2 giant cockroaches
  4 goblins
  3 hobgoblins
  7 jackals
  3 kobolds
  3 quokkas
  5 ball pythons
  A frilled lizard (D:2)
  3 rats
49 creatures vanquished.

Vanquished Creatures (collateral kills)
  A gnoll (D:3)
  An adder (D:2)
  A dart slug (D:3)
  A ball python (D:2)
  A hobgoblin (D:2)
  A jackal (D:2)
  A kobold (D:3)
  2 frilled lizards (D:2)
9 creatures vanquished.

Vanquished Creatures (others)
  A fungus (D:4)
1 creature vanquished.

Grand Total: 59 creatures vanquished

Notes
Turn   | Place    | Note
-------+----------+-------------------------------------------
     0 | D:5      | SnakkuSnakku7 the Kobold Delver began the quest for the
                  | Orb.
     0 | D:5      | Reached XP level 1. HP: 14/14 MP: 1/1
    25 | D:5      | Found a staircase to the Ecumenical Temple.
    31 | Temple   | Entered the Ecumenical Temple
   121 | Temple   | Became a worshipper of Hepliaklqana the Forgotten
   494 | D:4      | Reached skill level 1 in Staves
   694 | D:4      | Reached XP level 2. HP: 19/19 MP: 2/2
   849 | D:4      | Reached XP level 3. HP: 10/23 MP: 3/3
  1088 | D:4      | Reached XP level 4. HP: 28/28 MP: 4/4
  1436 | D:4      | Reached * piety under Hepliaklqana
  1458 | D:4      | Noticed an ogre
  2079 | D:2      | Noticed Natasha
  2085 | D:2      | Killed Natasha
  2086 | D:2      | Reached XP level 5. HP: 22/28 MP: 5/5
  2875 | D:1      | Found a faded altar of an unknown god.
  3046 | D:1      | Reached ** piety under Hepliaklqana
  3047 | D:1      | Remembered your ancestor Politank-Z as a knight
  3611 | D:2      | Noticed Natasha
  3619 | D:2      | Killed Natasha
  3789 | D:2      | Noticed Natasha
  3794 | D:2      | Killed Natasha
  3795 | D:2      | Reached XP level 6. HP: 28/33 MP: 6/6
  4199 | D:3      | Reached skill level 5 in Maces & Flails
  4200 | D:3      | Succumbed to a gnoll's poison

Illustrated notes

Levels and vault maps discovered:
D:1:      dpeg_arrival_water_temple_mockup, layout_basic,
          chequers_ecumenical_altar_twisty, minmay_distorted
D:2:      kennysheep_six_static_rooms, layout_loops_cross,
          hangedman_decor_lopped, uniq_natasha
D:3:      layout_basic
D:4:      cheibrodos_greedy_goblins, layout_loops_corners,
          minmay_misc_feat_plants
D:5:      layout_cave_pools, mainiacjoe_overflow_alcove_1,
          minmay_temple_entry_slanted, minmay_fire_ice_demons
D:6:      layout_loops_corners, gammafunk_ghost_necromancy,
          grunt_decor_junction, small_statue_intersection,
          amcnicky_mini_rare_corridor_liquid
Temple:   nicolae_temple_elliptical

Skill      XL: |  1  2  3  4  5  6 |
---------------+-------------------+-----
Staves         | 1 |  1.7
Maces & Flails | 2 3 4 5 |  5.0
Fighting       | |  3.2
Dodging        | |  2.4
Stealth        | |  6.6

Action                   |  1- 3 |  4- 6 || total
-------------------------+-------+-------++-------
Melee: Quarterstaff      |    32 |       ||    32
       Mace              |    11 |    93 ||   104
Invok: Ancestor Identity |       |     1 ||     1
       Ancestor Life: Kn |       |     1 ||     1
  Use: Scroll            |       |     5 ||     5
 Stab: Sleeping          |     2 |    14 ||    16
Armor: Leather armour    |     6 |    14 ||    20
Dodge: Dodged            |    36 |    76 ||   112
